 Dungeon Crawl Stone Soup version 0.23-a0-175-g97aacdb (webtiles) character file.

123 Inarius the Skirmisher (level 4, -11/37 HPs)
             Began as a Mummy Fighter on Sept 16, 2018.
             Killed by divine providence
             ... invoked by an orc priest
              (13 damage)
             ... on level 3 of the Dungeon.
             The game lasted 00:04:48 (2299 turns).

Inarius the Skirmisher (Mummy Fighter)              Turns: 2299, Time: 00:04:49

Health: -11/37     AC:  9    Str: 20    XL:     4   Next: 80%
Magic:  4/4        EV:  7    Int:  7    God:
Gold:   38         SH:  9    Dex: 11    Spells: 3/3 levels left

rFire    x . .     SeeInvis .   l - -2 whip (curse)
rCold    + . .     Gourm    .   c - +0 shield
rNeg     + + +     Faith    .   b - +0 scale mail
rPois    ∞         Spirit   .   (no helmet)
rElec    .         Reflect  .   (no cloak)
rCorr    .         Harm     .   j - +0 pair of gloves
MR       .....                  d - +0 pair of boots
Stlth    ..........             (no amulet)
HPRegen  0.12/turn              (no ring)
MPRegen  0.09/turn              (no ring)

@: no status effects
A: no food or potions, fire vulnerability, cold resistance 1, negative energy
resistance 3, torment resistance, unbreathing
a: no special abilities


You were on level 3 of the Dungeon.
You were not hungry.

You visited 1 branch of the dungeon, and saw 3 of its levels.

You collected 38 gold pieces.

Inventory:

Hand Weapons
 a - a +0 long sword
 i - a +0 dagger of electrocution
 l - a cursed -2 whip (weapon)
Missiles
 e - 6 curare-tipped needles
 g - 5 javelins (quivered)
 h - 6 tomahawks
Armour
 b - a +0 scale mail (worn)
 c - a +0 shield (worn)
 d - a +0 pair of boots (worn)
 j - a +0 pair of gloves (worn)
Wands
 m - a wand of polymorph (12)
Scrolls
 k - 2 scrolls of enchant armour


   Skills:
 * Level 4.1 Fighting
 - Level 1.5 Long Blades
 + Level 3.1 Armour
 + Level 3.3 Shields


You had 3 spell levels left.
You didn't know any spells.
Your spell library was empty.

Dungeon Overview and Level Annotations

Branches:
Dungeon (3/15)

Altars:


Innate Abilities, Weirdness & Mutations

You do not eat or drink.
Your flesh is vulnerable to fire.
You are immune to poison.
Your flesh is cold resistant. (rC+)
You are immune to negative energy. (rN+++)
You are immune to unholy pain and torment.
You can survive without breathing.


Message History

The bat hits you but does no damage. The bat hits you but does no damage.
The bat hits you but does no damage. You block the bat's attack.
The bat closely misses you. The bat barely misses you.
The orc priest mumbles some strange prayers to Beogh against you.
Beogh smites you!
* * * LOW HITPOINT WARNING * * *
The bat hits you but does no damage. The bat closely misses you.
You block the bat's attack. You block the bat's attack. x2
You block the bat's attack. x2
You block the bat's attack. The bat hits you but does no damage.
The bat barely misses you. You block the bat's attack.
The bat hits you but does no damage. The bat hits you but does no damage.
The bat hits you but does no damage.
The orc priest invokes the aid of Beogh against you.
Beogh smites you!
You die...

#.# #.# #.##### .#
#.# #.#
###.######.# #.#
...oo†..##.# #.#
...o###.##.# #.#
.# ##.##.# #.#
.#####..##.# #.#
.#.......#.#
########.#
...........#
#@.......#
##.###.#.###
#b######## ##.#
#.#K# #.#
##.###.#.# #.#
#...##.#o# #.#
#...##o#.# #.#
..)..K.#.# #.#
.......#.# #o#
Ko....##.#######K#


You could see an orc priest and a bat.

Vanquished Creatures
  An orc priest (D:3)
  2 adders
  2 oozes (D:2)
  3 worms (D:2)
  A dart slug (D:1)
  2 leopard geckos
  4 orcs
  A ball python (D:2)
  2 giant cockroaches (D:2)
  7 goblins
  4 hobgoblins
  A quokka (D:2)
  9 bats
  4 frilled lizards
  4 kobolds
  5 rats
52 creatures vanquished.

Notes
Turn   | Place    | Note
-------+----------+-------------------------------------------
     0 | D:1      | Inarius the Mummy Fighter began the quest for the Orb.
     0 | D:1      | Reached XP level 1. HP: 18/18 MP: 1/1
   232 | D:1      | Reached XP level 2. HP: 24/24 MP: 2/2
   666 | D:2      | Reached XP level 3. HP: 26/29 MP: 3/3
  1052 | D:2      | Reached XP level 4. HP: 21/37 MP: 4/4
  1334 | D:3      | Reached skill level 4 in Fighting
  2291 | D:3      | HP: 1/37 [orc priest/divine providence (15)]
  2299 | D:3      | Killed from afar by an orc priest

Vault maps used:
D:1:      mrwooster_arrival_statue_2

Skill      XL: |  1  2  3  4 |
---------------+-------------+-----
Shields        | 3 |  3.3
Fighting       | 4 |  4.1
Armour         | 3 |  3.1
Long Blades    | |  1.5

Action                   |  1- 3 |  4- 6 || total
-------------------------+-------+-------++-------
Melee: Long sword        |   113 |       ||   113
       Whip              |       |   110 ||   110
       Dagger            |       |    22 ||    22
  Use: Scroll            |       |     3 ||     3
Armor: Scale mail        |    57 |   109 ||   166
Dodge: Dodged            |    45 |    54 ||    99
Block: Shield            |    69 |    96 ||   165
       Rpst.: Long sword |    16 |       ||    16

Table legend:
 A = Non-vault XP
 B = Vault XP
 C = Vault XP percentage of total XP
 D = Non-vault monster count
 E = Vault monster count
 F = Vault count percentage of total count
                 A         B        C        D         E       F
            +---------+---------+-------+---------+---------+-------
      Total |     177 |       0 |   0.0 |      52 |       0 |   0.0
            +---------+---------+-------+---------+---------+-------
        D:1 |      17 |       0 |   0.0 |      10 |       0 |   0.0
        D:2 |      83 |       0 |   0.0 |      30 |       0 |   0.0
        D:3 |      77 |       0 |   0.0 |      12 |       0 |   0.0
            +---------+---------+-------+---------+---------+-------
